 Dungeon Crawl Stone Soup version 0.25-a0-565-g8875c97ebb (webtiles) character file.

Game seed: 7102205433382832278, levelgen mode: deterministic

25 MisterFreud the Skirmisher (level 3, 0/31 HPs)
             Began as a Formicid Abyssal Knight on Feb 26, 2020.
             Was a Follower of Lugonu.
             Slain by a kobold (2 damage)
             ... on level 1 of the Dungeon.
             The game lasted 00:02:20 (1010 turns).

MisterFreud the Skirmisher (FoAK)                   Turns: 1010, Time: 00:02:21

Health: 0/31       AC:  3    Str: 17    XL:     3   Next: 20%
Magic:  4/4        EV: 11    Int: 11    God:    Lugonu [*.....]
Gold:   50         SH:  0    Dex: 10    Spells: 2/2 levels left

rFire    . . .     SeeInvis +   a - +1 mace
rCold    . . .     Gourm    .   (no shield)
rNeg     . . .     Faith    .   b - +0 leather armour
rPois    .         Spirit   .   (helmet unavailable)
rElec    .         Reflect  .   (no cloak)
rCorr    .         Harm     .   (no gloves)
MR       .....                  (no boots)
Stlth    +.........             (no amulet)
HPRegen  0.10/turn              (no ring)
MPRegen  0.09/turn              (no ring)

@: no status effects
A: permanent stasis, dig shafts and tunnels, four strong arms, antennae 3
a: Dig, Shaft Self, Depart the Abyss, Renounce Religion


You were on level 1 of the Dungeon.
You worshipped Lugonu.
Lugonu was aware of your devotion.
You were not hungry.

You visited 1 branch of the dungeon, and saw 1 of its levels.
You visited the Abyss 1 time.

You collected 50 gold pieces.

Inventory:

Hand Weapons
 a - a +1 mace (weapon)
Missiles
 d - 7 stones (quivered)
Armour
 b - a +0 leather armour (worn)
Scrolls
 e - a scroll of teleportation {unknown}
Potions
 f - a potion of lignification {unknown}
 h - a potion of heal wounds {unknown}
Comestibles
 c - a ration
 g - 2 chunks of flesh


   Skills:
 + Level 4.5 Fighting
 - Level 2.0 Maces & Flails
 - Level 2.1 Armour
 - Level 0.8 Dodging
 - Level 2.1 Invocations


You had 2 spell levels left.
You didn't know any spells.
Your spell library was empty.

Dungeon Overview and Level Annotations

Branches:
Dungeon (1/15)

Altars:


Innate Abilities, Weirdness & Mutations

You cannot be hasted, slowed, berserked, paralysed or teleported.
You can dig through walls and to a lower floor.
Your four strong arms can wield two-handed weapons with a shield.
You have a pair of large antennae on your head. (SInv)


Message History

The kobold is moderately wounded.
The kobold closely misses you.
You barely miss the kobold.
The kobold is moderately wounded.
The kobold closely misses you. The kobold hits you.
* * * LOW HITPOINT WARNING * * *
You hit the kobold.
The kobold is heavily wounded.
The kobold barely misses you.
You closely miss the kobold.
The kobold is heavily wounded.
The kobold completely misses you.
You closely miss the kobold.
The kobold is heavily wounded.
The kobold hits you but does no damage. The kobold hits you.
* * * LOW HITPOINT WARNING * * *
You barely miss the kobold.
The kobold is heavily wounded.
The kobold hits you.
You die...

..# #........... ...
#####...........
#.###...............
#...#.# ###........#
#=..#####..##....#
#....K............
#g#...............
#K##rb..?......###
#@#............#
#..............##
#%.............#
#................
#..............###
#........##..#.#
#........# ###.#
#........#


You could see a goblin and a kobold.

Vanquished Creatures
  A dart slug (D:1)
  3 leopard geckos (D:1)
  A bat (D:1)
  4 hobgoblins (D:1)
  3 kobolds (D:1)
  A frilled lizard (D:1)
  3 goblins (D:1)
  2 rats (D:1)
18 creatures vanquished.

Notes
Turn   | Place    | Note
-------+----------+-------------------------------------------
     0 | Abyss:1  | MisterFreud the Formicid Abyssal Knight began the quest for
                  | the Orb.
     0 | Abyss:1  | Reached XP level 1. HP: 18/18 MP: 2/2
   108 | D:1      | Escaped the Abyss
   364 | D:1      | Reached XP level 2. HP: 15/25 MP: 3/3
   372 | D:1      | Reached skill level 4 in Fighting
   960 | D:1      | Reached XP level 3. HP: 17/31 MP: 4/4
  1004 | D:1      | Reached * piety under Lugonu
  1010 | D:1      | Slain by a kobold

Levels and vault maps discovered:
D:1:      nzn_arrival_water_spiral, layout_rooms, grunt_decor_resistance,
          nrook_uturn

Skill      XL: |  1  2 |
---------------+-------+-----
Fighting       | 4 |  4.5
Maces & Flails | |  2.0
Armour         | |  2.1
Dodging        | |  0.8
Invocations    | |  2.1

Action                   || total
-------------------------++-------
Melee: Mace              ||    77
Invok: Depart the Abyss  ||     1
Armor: Leather armour    ||    19
Dodge: Dodged            ||    55

Table legend:
 A = Non-vault XP
 B = Vault XP
 C = Vault XP percentage of total XP
 D = Non-vault monster count
 E = Vault monster count
 F = Vault count percentage of total count
                 A         B        C        D         E       F
            +---------+---------+-------+---------+---------+-------
      Total |      37 |       0 |   0.0 |      18 |       0 |   0.0
            +---------+---------+-------+---------+---------+-------
        D:1 |      37 |       0 |   0.0 |      18 |       0 |   0.0
            +---------+---------+-------+---------+---------+-------
